 Dungeon Crawl Stone Soup version 0.31-a0-702-gf82c85558f (webtiles) character file.

Game seed: 6640278191891836098

387 qw the Shooter (level 6, -3/38 HPs)
             Began as a Gargoyle Hunter on Sept 8, 2023.
             Slain by Eustachio
             ... wielding a +0 falchion
              (5 damage)
             ... on level 4 of the Dungeon.
             The game lasted 00:01:28 (2962 turns).

qw the Shooter (Gargoyle Hunter)                    Turns: 2962, Time: 00:01:28

Health: -3/38      AC:  9    Str: 15    XL:     6   Next: 78%
Magic:  6/6        EV: 11    Int:  9    God:
Gold:   196        SH:  0    Dex: 15    Spells: 5/5 levels left

rFire   . . .        Y - +0 shortbow
rCold   . . .        (shield currently unavailable)
rNeg    + . .        h - +0 ring mail
rPois   inf          (no helmet)
rElec   +            (no cloak)
rCorr   .            (no gloves)
SInv    .            (no boots)
Will    .....        (no amulet)
Stlth   +            (no ring)
HPRegen 0.26/turn    (no ring)
MPRegen 0.10/turn

%: no passive effects
@: no status effects
A: sickness immunity, AC +4, negative energy resistance 1, electricity
resistance, torment resistance 1, petrification resistance
a: no special abilities


You were on level 4 of the Dungeon.
You visited 1 branch of the dungeon, and saw 4 of its levels.

You collected 196 gold pieces.


Innate Abilities, Weirdness & Mutations

You are immune to sickness and miasma.
Your stone body is resilient. (AC +4)
You are immune to poison.
You resist negative energy. (rN+)
You are resistant to electric shocks. (rElec)
You are resistant to unholy torment.
You are immune to petrification.


   Skills:
 - Level 4.2 Fighting
 + Level 7.0 Ranged Weapons
 - Level 1.0 Armour
 - Level 1.5 Dodging
 - Level 1.1 Stealth


You had 5 spell levels left.
You didn't know any spells.
Your spell library was empty.

Inventory:

Hand Weapons
 Y - a +0 shortbow (weapon)
Armour
 h - a +0 ring mail (worn)
Scrolls
 a - a scroll of identify
 b - a scroll of blinking {unknown}
 c - a scroll of enchant armour
Potions
 d - a potion of heal wounds {unknown}
 f - 3 potions of curing
 k - 2 potions of haste
 l - a potion of enlightenment {unknown}
 m - a potion of might
 n - a potion of resistance {unknown}

Dungeon Overview and Level Annotations

Branches:
Dungeon (4/15)             Temple (0/1) D:4

Altars:

Annotations:
D:4 Eustachio


Message History

Pain shoots through your body!
You shoot an arrow. The arrow barely misses the shadow imp.
Eustachio mumbles some strange words.
The shadow imp gestures at you. Pain shoots through your body!
You shoot an arrow. The arrow hits the shadow imp.
The shadow imp is almost dead.
Eustachio gestures wildly while chanting.
Eustachio blinks!
You shoot an arrow.
The arrow closely misses the shadow imp.
The shadow imp shouts, "Get thee hence, thou foppish hasty-witted swadder!"
The shadow imp gestures at you.
You barely resist. You shoot an arrow.
The arrow hits the shadow imp but does no damage.
The shadow imp is almost dead.
The shadow imp misses you.
You shoot an arrow. The arrow barely misses the shadow imp.
The shadow imp misses you.
You shoot an arrow. The arrow hits the shadow imp!
You kill the shadow imp!
The shadow imp disappears in a puff of smoke!
You shoot an arrow. The arrow barely misses the river rat.
The river rat barely misses you. The river rat bites you.
You shoot an arrow. The arrow barely misses the river rat.
The river rat bites you.
You shoot an arrow. The arrow hits the river rat.
The river rat is moderately wounded.
The river rat misses you.
You shoot an arrow. The arrow hits the river rat.
The river rat is heavily wounded.
The river rat bites you but does no damage.
You shoot an arrow. The arrow hits the river rat.
You kill the river rat!
The river rat's corpse disappears in a puff of smoke!
You shoot an arrow. The arrow hits Eustachio.
Eustachio is almost dead.
Eustachio hits you with a +0 falchion.
You die...
Eustachio twirls his moustache.

#.##.### #.#..#.....
#.##...###.#..#.....
#...>...............
#.......##.#..#.....
#5..........<.......
#5.....###.##.#.....
#.[5...# #....#.....
#.#############.....
#.@@....... .......
########### ########


You could see Eustachio.

Vanquished Creatures
  A hound (D:3)
  An orc priest (D:4)
  2 orc wizards (D:3)
  11 gnolls
  7 adders
  A worm (D:2)
  2 dart slugs
  14 orcs
  4 ball pythons
  6 endoplasms
  3 giant cockroaches
  8 goblins
  7 hobgoblins
  9 kobolds
  4 quokkas
  7 bats
  2 frilled lizards
  4 rats
93 creatures vanquished.

Notes
Turn   | Place    | Note
-------+----------+-------------------------------------------
     0 | D:1      | qw the Gargoyle Hunter began the quest for the Orb.
     0 | D:1      | Reached XP level 1. HP: 12/12 MP: 1/1
     0 | D:1      | 0 ||| qw: Version: 0.3-a-76-g4403597
     0 | D:1      | 0 ||| qw: Game counter: 1003
     0 | D:1      | 0 ||| qw: Melee chars always use a shield: true
     0 | D:1      | 0 ||| qw: God list: Okawaru
     0 | D:1      | 0 ||| qw: Allow faded altars: false
     0 | D:1      | 0 ||| qw: Do Orc after clearing Dungeon:15 true
     0 | D:1      | 0 ||| qw: Do second Lair branch before Depths: true
     0 | D:1      | 0 ||| qw: Lair rune preference: random
     0 | D:1      | 0 ||| qw: Goals: Normal
     0 | D:1      | 0 ||| PLANNING D:1-11
    72 | D:1      | Reached XP level 2. HP: 17/17 MP: 2/2
   385 | D:1      | Reached XP level 3. HP: 10/21 MP: 3/3
   537 | D:1      | Reached skill level 5 in Ranged Weapons
   645 | D:1      | 645 ||| UPGRADING to +0 ring mail.
   655 | D:1      | 655 ||| DROPPING +0 leather armour.
   656 | D:1      | 656 ||| READING 4 scrolls labelled GID LEK KORHOI.
   657 | D:1      | 657 ||| READING scroll labelled DUSCHAVVUNINT.
   658 | D:1      | 658 ||| READING scroll labelled SURIYD ODEORID.
   659 | D:1      | 659 ||| DRINKING 2 golden potions.
   660 | D:1      | 660 ||| DRINKING 2 bubbling yellow potions.
   661 | D:1      | 661 ||| READING 3 scrolls of identify.
   661 | D:1      | 661 ||| IDENTIFYING green potion
   662 | D:1      | 662 ||| READING 2 scrolls of identify.
   662 | D:1      | 662 ||| IDENTIFYING fizzy golden potion
   663 | D:1      | 663 ||| DROPPING scroll of butterflies.
   664 | D:1      | 664 ||| DROPPING potion of attraction.
   665 | D:1      | 665 ||| DROPPING potion of brilliance.
   718 | D:2      | Reached skill level 1 in Armour
   800 | D:2      | You fall into a shaft and drop 2 floors!
   806 | D:4      | 806 ||| DRINKING 2 coppery potions.
   876 | D:3      | Reached skill level 3 in Fighting
   876 | D:3      | Reached XP level 4. HP: 12/28 MP: 4/4
   877 | D:3      | HP: 4/28 [gnoll/+0 halberd (4)]
  1029 | D:3      | 1029 ||| RETREATING.
  1041 | D:3      | 1041 ||| DRINKING 2 potions of curing.
  1041 | D:3      | 1041 ||| (to cure confusion)
  1048 | D:3      | Reached XP level 5. HP: 29/32 MP: 5/5
  1113 | D:3      | 1113 ||| FLEEEEING.
  1114 | D:3      | 1114 ||| FLEEEEING.
  1115 | D:3      | 1115 ||| FLEEEEING.
  1117 | D:3      | 1117 ||| STAIRDANCE
  1554 | D:2      | Reached skill level 6 in Ranged Weapons
  1554 | D:2      | 1554 ||| READING scroll labelled HIGIOGUMEL.
  1588 | D:3      | 1588 ||| STAIRDANCE
  1768 | D:3      | Found a faded altar of an unknown god.
  1852 | D:3      | Reached XP level 6. HP: 38/38 MP: 6/6
  1912 | D:3      | 1912 ||| Stepping ~*~*~tactically~*~*~ (outnumbered).
  1914 | D:3      | 1914 ||| Stepping ~*~*~tactically~*~*~ (outnumbered).
  2273 | D:3      | 2273 ||| READING 2 scrolls of identify.
  2273 | D:3      | 2273 ||| IDENTIFYING cyan potion
  2274 | D:3      | 2274 ||| DROPPING potion of degeneration.
  2563 | D:4      | HP: 7/38 [orc priest/divine providence (10)]
  2742 | D:4      | Reached skill level 7 in Ranged Weapons
  2768 | D:4      | Found a staircase to the Ecumenical Temple.
  2769 | D:4      | 2769 ||| PLANNING TEMPLE
  2916 | D:4      | Noticed Eustachio
  2936 | D:4      | 2936 ||| Stepping ~*~*~tactically~*~*~ (retreating).
  2939 | D:4      | 2939 ||| Stepping ~*~*~tactically~*~*~ (retreating).
  2951 | D:4      | HP: 6/38 [shadow imp/nerve-wracking pain[Eustachio] (5)]
  2957 | D:4      | HP: 2/38 [river rat[Eustachio] (6)]
  2962 | D:4      | Slain by Eustachio

Levels and vault maps discovered:
D:1:      lightli_arrival_maybe_door_vault, layout_loops_ring,
          chequers_hall_statues_corner_a
D:2:      layout_basic
D:3:      layout_loops_ring, ebering_ecumenical_altar_abandoned
D:4:      layout_basic, minmay_temple_entry_from_below_a, uniq_eustachio

Skill      XL: |  1  2  3  4  5  6 |
---------------+-------------------+-----
Ranged Weapons | 5 6 7 |  7.0
Armour         | 1 |  1.0
Fighting       | 3 4 |  4.2
Dodging        | |  1.5
Stealth        | |  1.1

Action                     |  1- 3 |  4- 6 || total
---------------------------+-------+-------++-------
   Fire: Shortbow          |   125 |   299 ||   424
    Use: Scroll            |     5 |     2 ||     7
         Potion            |     3 |     1 ||     4
 Armour: Leather armour    |     5 |       ||     5
         Ring mail         |    37 |   103 ||   140
  Dodge: Dodged            |    35 |   113 ||   148

Table legend:
 A = Non-vault XP
 B = Vault XP
 C = Vault XP percentage of total XP
 D = Non-vault monster count
 E = Vault monster count
 F = Vault count percentage of total count
                 A         B        C        D         E       F
            +---------+---------+-------+---------+---------+-------
      Total |     553 |       0 |   0.0 |      93 |       0 |   0.0
            +---------+---------+-------+---------+---------+-------
        D:1 |      39 |       0 |   0.0 |      22 |       0 |   0.0
        D:2 |      65 |       0 |   0.0 |      21 |       0 |   0.0
        D:3 |     297 |       0 |   0.0 |      30 |       0 |   0.0
        D:4 |     152 |       0 |   0.0 |      20 |       0 |   0.0
            +---------+---------+-------+---------+---------+-------
